 Dungeon Crawl Stone Soup version 0.30-a0-358-g0d69a1922f (console) character file.

Game seed: 11614018343312671286

6 petzl the Sneak (level 2, 0/24 HPs)
             Began as a Formicid Delver on Nov 8, 2022.
             Was an Initiate of Vehumet.
             Slain by an orc
             ... wielding a +0 club
              (3 damage)
             ... on level 8 of the Dungeon.
             The game lasted 00:10:48 (878 turns).

petzl the Sneak (Formicid Delver)                    Turns: 878, Time: 00:10:49

Health: 0/24       AC:  3    Str: 16    XL:     2   Next: 0%
Magic:  2/2        EV: 12    Int:  9    God:    Vehumet [......]
Gold:   29         SH:  0    Dex: 15    Spells: 1/1 levels left

rFire   . . .      SeeInvis +    a - +0 rapier
rCold   . . .      Faith    .    (no shield)
rNeg    . . .      Spirit   .    b - +0 leather armour
rPois   .          Reflect  .    (helmet unavailable)
rElec   .          Harm     .    (no cloak)
rCorr   .          Rampage  .    (no gloves)
Will    .....                    (no boots)
Stlth   +++.......               l - amulet of the acrobat
HPRegen 0.24/turn                (no ring)
MPRegen 0.08/turn                (no ring)

@: no status effects
A: permanent stasis, dig shafts and tunnels, antennae 3, four strong arms
a: Dig, Shaft Self, Renounce Religion


You were on level 8 of the Dungeon.
You worshipped Vehumet.
Vehumet was noncommittal.
You visited 2 branches of the dungeon, and saw 6 of its levels.

You collected 29 gold pieces.

Inventory:

Hand Weapons
 a - a +0 rapier (weapon)
 o - a +0 mace
Armour
 b - a +0 leather armour (worn)
Jewellery
 l - an amulet of the acrobat (around neck)
Wands
 f - a wand of digging (3)
 k - a wand of polymorph (11)
 m - a wand of roots (6)
Scrolls
 c - a scroll of fog
 d - 2 scrolls of magic mapping
 e - a scroll of fear
 i - a scroll of immolation {unknown}
Potions
 g - a potion of mutation {unknown}
 h - a potion of might {unknown}
 j - 3 potions of flight {unknown}
 n - 2 potions of heal wounds {unknown}
 p - a potion of attraction {unknown}


   Skills:
 + Level 3.4 Fighting
 + Level 2.1 Maces & Flails
 + Level 1.9 Dodging
 + Level 6.1 Stealth


You had one spell level left.
You didn't know any spells.
Your spell library was empty.

Dungeon Overview and Level Annotations

Branches:
Dungeon (8/15)             Temple (1/1) D:7
   Lair: D:8-11

Altars:
Ashenzari
Cheibriados
Dithmenos
Fedhas
Gozag
Hepliaklqana
Kikubaaqudgha
Makhleb
Nemelex Xobeh
Okawaru
Sif Muna
Trog
Uskayaw
Vehumet
Wu Jian
Xom
Yredelemnul
Zin

Shops:
D:6 :

Annotations:
D:7 exclusions: bullfrog, ice beast, 3 sensed monsters (detected) and upstairs
D:8 exclusions: acid dragon, howler monkey and 2 yaks, Joseph


Innate Abilities, Weirdness & Mutations

You cannot be hasted, slowed, berserked, paralysed or teleported.
You can dig through walls and to a lower floor.
You have a pair of large antennae on your head. (SInv)
Your four strong arms can wield two-handed weapons with a shield.


Message History

Your life force feels restored.
You have reached level 2!
You start resting.
HP restored.
Items here: )) [[ ††.
Okay, then.
There is a stone staircase leading up, spattered with blood here.
Unknown command.
Unknown command.
Unknown command.
You can't go down here!
You climb upwards.
Level annotation: exclusions: bullfrog, ice beast, 3 sensed monsters (detected) and upstairs The orc hits you with a +0 club.
The orc hits you with a +0 whip. The orc closely misses you.
There is a stone staircase leading down, spattered with blood here.
Unknown command.
Unknown command.
You can't go up here!
The orc hits you with a +0 whip. The orc hits you with a +0 club. x2
You climb downwards.
Level annotation: exclusions: acid dragon, howler monkey and 2 yaks, Joseph
There is a stone staircase leading up, spattered with blood here.
Okay, then.
Okay, then.
You can't shaft yourself on this terrain.
There are monsters nearby!
The orc attacks as you move away! The orc hits you with a +0 club.
* * * LOW HITPOINT WARNING * * *
The orc completely misses you.
Are you sure you want to shaft yourself?
Okay, then.
Unknown command.
Unknown command.
Are you sure you want to shaft yourself?
The orc barely misses you. The orc hits you with a +0 whip.
* * * LOW HITPOINT WARNING * * *
The orc misses you.
You begin to dig a shaft.
You continue digging a shaft.
The orc hits you with a +0 club.
You die...

#. .. ##.# ### ## ... ... ..
#.. #.##.# #.. .... #..##.# .#
#...[.##.# # #..##.##.#
##.###(.#..##.#
#...##..#o@##.###>
#........oo....... ..
#...##..#..##.###....
#...##...............
#...##.#...##.###...
#...##.#...##.##
#...............
#......#...##.##
#...............
#..........##.##
#..........##.#
####.......##.# #.. .....
#.........##.# #.##....
#.#.......##.# #.##...## .
##.#...##..##.###.......#..
######...............#.##.....
#...........................#
####...............#.#.##...#
###......................#


You could see 3 orcs.

Vanquished Creatures
  3 orcs
3 creatures vanquished.

Notes
Turn   | Place    | Note
-------+----------+-------------------------------------------
     0 | D:5      | petzl the Formicid Delver began the quest for the Orb.
     0 | D:5      | Reached XP level 1. HP: 18/18 MP: 1/1
    47 | D:4      | Noticed a water moccasin
    50 | D:4      | You fall into a shaft and drop 3 floors!
   106 | D:7      | Noticed a bullfrog
   148 | D:6      | Found Vianomy's Book Shoppe.
   231 | D:7      | Found a staircase to the Ecumenical Temple.
   289 | Temple   | Entered the Ecumenical Temple
   289 | Temple   | Found a transporter.
   289 | Temple   | Found a transporter.
   291 | Temple   | Found a transporter.
   291 | Temple   | Found a transporter.
   381 | Temple   | Became a worshipper of Vehumet
   410 | D:7      | Noticed an ice beast
   435 | D:7      | Found a blossoming altar of Fedhas.
   439 | D:7      | Found a basalt altar of Yredelemnul.
   439 | D:7      | Found a shimmering blue altar of Sif Muna.
   440 | D:7      | Found a hazy altar of Hepliaklqana.
   440 | D:7      | Found a bloodstained altar of Trog.
   470 | D:6      | Noticed an orc priest
   474 | D:7      | Noticed an orc priest
   478 | D:7      | You fall into a shaft and drop 1 floor!
   569 | D:8      | Noticed an acid dragon
   595 | D:8      | Noticed Joseph
   683 | D:8      | Noticed a yak
   683 | D:8      | Noticed a yak
   688 | D:8      | Noticed a howler monkey
   780 | D:8      | Reached XP level 2. HP: 3/24 MP: 2/2
   878 | D:8      | Slain by an orc

Illustrated notes

Levels and vault maps discovered:
D:4:      layout_cave_pools, gammafunk_temple_overflow_pools, serial_rivers,
          chequers_serial_rivers_small_b, chequers_serial_rivers_room_a,
          chequers_serial_rivers_small_3, chequers_serial_rivers_marsh,
          chequers_serial_rivers_small_b, chequers_serial_rivers_micro_d,
          kennysheep_windowed_goal, uniq_grinder, uniq_blork_the_orc
D:5:      layout_rooms, glass_columns_c, lightli_minifort, uniq_eustachio,
          uniq_duvessa
D:6:      layout_basic, serial_shops, nicolae_take_the_stairs, uniq_pikel
D:7:      layout_loops_corners, grunt_temple_overflow_open, temple_pool_b
D:8:      layout_basic, mainiacjoe_overflow_boulevard, uniq_joseph
Temple:   hellmonk_temple_divided_pantheon

Action                   || total
-------------------------++-------
Melee: Mace              ||     8
       Rapier            ||     8
 Abil: Shaft Self        ||     3
       Dig               ||     1
Armor: Leather armour    ||     3
Dodge: Dodged            ||    27

Table legend: (Time is in decaauts)
 A = Elapsed time spent in this place.
 B = Non-inter-level travel time spent in this place.
 C = Inter-level travel time spent in this place.
 D = Time resting spent in this place.
 E = Time spent auto-exploring this place.
 F = Levels seen in this place.
 G = Mean time per level.
                   A        B        C        D        E       F      G
               +--------+--------+--------+--------+--------+-----+--------+
         Total |    888 |    823 |     65 |    206 |      6 |   6 |  148.0 |
       Dungeon |    778 |    713 |     65 |    206 |      0 |   5 |  155.6 |
        Temple |    109 |    109 |      0 |      0 |      6 |   1 |  109.0 |
               +--------+--------+--------+--------+--------+-----+--------+

Top non-repeatable levels by time:
     D:8: 398 daAuts
     D:7: 321 daAuts
  Temple: 109 daAuts
     D:4: 39 daAuts
     D:5: 12 daAuts
     D:6: 7 daAuts
